 Dungeon Crawl Stone Soup version 0.31-a0-431-g88bdf31460 (webtiles) character file.

Game seed: 17481663930312221877

94557 CraigForest the Wrestler (level 15, -2/118 (120) HPs)
             Began as a Troll Shapeshifter on Aug 1, 2023.
             Was the Champion of Jiyva.
             Slain by an ice devil (5 damage)
             ... summoned by an orc sorcerer
             ... on level 2 of the Orcish Mines.
             The game lasted 01:15:03 (16317 turns).

CraigForest the Wrestler (Troll Shapeshifter)      Turns: 16317, Time: 01:15:06

HP:   -2/118 (120)  AC: 25    Str: 38    XL:     15   Next: 27%
MP:   14/14         EV:  6    Int:  3    God:    Jiyva [******]
Gold: 861           SH:  0    Dex: 15    Spells: 14/14 levels left

rFire   + .          .
                       - Unarmed
rCold   + + .        (no shield)
rNeg    . . .        k - +6 gold dragon scales of the Smoking Gods {rPois rF+ rC+ Dex+3}
rPois   +            (helmet unavailable)
rElec   .            (cloak currently unavailable)
rCorr   +            (gloves unavailable)
SInv    .            (boots unavailable)
Will    +....        B - amulet of the acrobat Stlth
                     (no ring)
HPRegen 2.79/turn    (no ring)
MPRegen 0.64/turn

%: acrobat
@: beast-form, hasted, lightly drained, very quick
A: beast (slay +7), large, unfitting armour, claws 3, regeneration 1, shaggy fur
1, tough skin 1, horns 3, agile 1, cold resistance 1, sense surroundings 2,
strong 2, wild magic 1, translucent skin 2, jelly sensing items
}: 1/15 runes: slimy
a: Begin Untransformation, Renounce Religion, Oozemancy, Slimify


You were on level 2 of the Orcish Mines.
You worshipped Jiyva.
Jiyva was exalted by your worship.
You were a hulking beast.
You visited 4 branches of the dungeon, and saw 25 of its levels.
You also visited: Bailey.

You collected 1016 gold pieces.
You spent 155 gold pieces at shops.

Inventory:

Hand Weapons
 m - a +2 halberd of flaming
 s - the +9 short sword of Bodily Harmony {flame, rElec rPois rC+}
   (You found it on level 5 of the Dungeon)

   rC:        It protects you from cold.
   rElec:     It insulates you from electricity.
   rPois:     It protects you from poison.
 E - a +0 lajatang
 Q - the +9 longbow of Tension {elec, rN+ Str+3}
   (You found it on level 5 of the Pits of Slime)

   Str:       It affects your strength (+3).
   rN:        It protects you from negative energy.
Missiles
 g - 2 javelins
 i - 35 poisoned darts
 p - a throwing net
 H - 10 large rocks (quivered)
 I - 6 boomerangs
Armour
 k - the +6 gold dragon scales of the Smoking Gods (worn) {rPois rF+ rC+ Dex+3}
   (You found it on level 2 of the Dungeon)

   Dex:       It affects your dexterity (+3).
   rF:        It protects you from fire.
   rC:        It protects you from cold.
   rPois:     It protects you from poison.
 o - +0 steam dragon scales
 r - +0 acid dragon scales
 u - a +0 cloak
 G - the +0 pair of boots of the Armoured One {rPois rF+}
   (You found it in a bailey)

   rF:        It protects you from fire.
   rPois:     It protects you from poison.
 U - a +1 tower shield
 V - the +3 hat of Pondering {ponderous, Will+ MP+10 Int+5}
   (You took it off Gastronok on level 1 of the Lair of Beasts)

   Int:       It affects your intelligence (+5).
   MP:        It affects your magic capacity (+10).
   Will:      It increases your willpower.
Magical Staves
 e - a staff of death
Jewellery
 q - an amulet of reflection
 v - a ring of ice
 x - a ring of willpower
 B - an amulet of the acrobat (around neck)
 P - a ring of ice
Talismans
 c - a beast talisman (active)
 F - a blade talisman
 X - a dragon-blood talisman
Wands
 a - a wand of polymorph (2)
 j - a wand of mindburst (9)
 y - a wand of roots (12)
 K - a wand of acid (5)
 L - a wand of flame (9)
 W - a wand of charming (21)
Scrolls
 n - a scroll of revelation
 C - 2 scrolls of blinking
 D - 4 scrolls of teleportation
 M - a scroll of poison
 N - a scroll of fog
 O - 2 scrolls of fear
Potions
 b - a potion of lignification
 f - a potion of resistance
 h - a potion of heal wounds {unknown}
 l - 3 potions of brilliance
 t - 3 potions of curing
 w - 2 potions of ambrosia
 z - 3 potions of degeneration
 A - a potion of enlightenment {unknown}
 J - 2 potions of invisibility {unknown}
 Y - 2 potions of magic {unknown}


   Skills:
 - Level 1.0 Fighting
 + Level 9.9 Armour
 + Level 2.3 Dodging
 * Level 21.6 Unarmed Combat
 * Level 10.5 Shapeshifting


You had 14 spell levels left.
You didn't know any spells.
Your spell library contained the following spells:

 Spells                   Type           Power      Damage    Failure   Level
 Ensorcelled Hibernation  Hex/Ice        0%         N/A       100%        2
 Passwall                 Tmut/Erth      0%         N/A       100%        2
 Static Discharge         Conj/Air       0%         2-2/arc   100%        2
 Ignite Poison            Fire/Tmut/Pois 0%         N/A       100%        3
 Mephitic Cloud           Conj/Pois/Air  0%         N/A       100%        3
 Swiftness                Air            0%         N/A       100%        3
 Vhi's Electric Charge    Tloc/Air       0%         N/A       100%        3
 Leda's Liquefaction      Hex/Erth       0%         N/A       100%        4
 Sticky Flame             Conj/Fire      0%         2d3       100%        4
 Summon Lightning Spire   Summ/Air       0%         N/A       100%        4
 Alistair's Intoxication  Tmut/Pois      0%         N/A       100%        5
 Arcjolt                  Conj/Air       0%         1d10      100%        5
 Borgnjor's Vile Clutch   Necr/Erth      0%         N/A       100%        5
 Fireball                 Conj/Fire      0%         3d3       100%        5
 Iskenderun's Battlesphe  Conj           0%         2d6       100%        5
 Lee's Rapid Deconstruct  Erth           0%         3d4*      100%        5
 Silence                  Hex/Air        0%         N/A       100%        5
 Conjure Ball Lightning   Conj/Air       0%         3x3d6     100%        6
 Eringya's Noxious Bog    Tmut/Pois      0%         4d6       100%        6
 Leda's Unmaking          Conj/Erth      0%         9d1       100%        6
 Malign Gateway           Summ/Tloc      0%         N/A       100%        7
 Orb of Destruction       Conj           0%         9d5       100%        7
 Ignition                 Fire           0%         3d3       100%        8
 Maxwell's Capacitive Co  Air            0%         ∞         100%        8


Dungeon Overview and Level Annotations

Branches:
Dungeon (13/15)            Temple (0/1) D:5            Lair (5/5) D:10
 Shoals (0/4) Lair:3        Snake (0/4) Lair:2        Slime (5/5) Lair:5
    Orc (2/2) D:9          Vaults (0/5) D:13         Bailey (visited)
    Elf: Orc:2

Altars:
Ashenzari
Cheibriados
Dithmenos
Makhleb
Okawaru
Qazlal
Sif Muna
Trog
Vehumet
Xom
Zin
The Shining One
Jiyva

Shops:
D:12 [*[   Orc:2 ?*

Portals:
Abyss: Lair:3

Annotations:
Lair:3 2 transporters, Lorrdernie's ghost, journeyman DsGl
Lair:5 exclusion: obsidian statue
Slime:5 Dissolution; Royal Jelly


Innate Abilities, Weirdness & Mutations

You are a hulking beast.
Your limbs bulge with bestial killing power. (Slay +7)
You are too large for most types of armour.
You have claws for hands.
Your natural rate of healing is unusually fast.
You are covered in fur. (AC +1)
You have tough skin. (AC +1)
You have a pair of large horns on your head.
You are agile. (Dex +4, Str/Int -1)
Your flesh is cold resistant. (rC+)
You passively map the area around you.
Your muscles are very strong. (Str +8, Int/Dex -2)
Your spells are a little harder to cast, but a little more powerful.
Your translucent skin reduces your foes' accuracy. (Stealth+)
You have a small jelly attached to you that senses nearby items.


Message History

You suddenly lose the ability to move!
The orc sorcerer hits you with a +0 dagger!
The hellwing hits you.
The hellwing hits you but does no damage.
The orc sorcerer hits you with a +0 dagger.
The orc sorcerer gestures at you while chanting.
The bolt of negative energy hits you.
You feel drained.
The bolt of negative energy misses the ynoxinul.
The bolt of negative energy hits the ufetubus.
The ufetubus completely resists.
The ice devil hits you but does no damage.
The hellwing hits you!
* * * LOW HITPOINT WARNING * * *
The hellwing hits you but does no damage.
The ynoxinul hits you but does no damage.
The orc sorcerer hits you with a +0 dagger.
* * * LOW HITPOINT WARNING * * *
The orc high priest utters an invocation to Beogh.
The orc sorcerer hits you but does no damage.
The ice devil hits you.
* * * LOW HITPOINT WARNING * * *
The ice devil freezes you! You resist.
* * * LOW HITPOINT WARNING * * *
The hellwing hits you.
* * * LOW HITPOINT WARNING * * *
The hellwing hits you.
* * * LOW HITPOINT WARNING * * *
You hear a series of splatters.
The ynoxinul hits you but does no damage.
The orc sorcerer hits you but does no damage. x2
The ice devil hits you but does no damage.
The hellwing hits you but does no damage. x2
You can move again.
You feel yourself speed up. The ynoxinul barely misses you.
The orc sorcerer hits you but does no damage.
The orc sorcerer mumbles some strange words.
The ice devil hits you!
* * * LOW HITPOINT WARNING * * *
The ice devil freezes you. You resist.
You die...

,*, * , ##...## ,,
,, , * * ,,
##.#)#.## , **
*##)..#...## ## ,, *
, * *##.).###...##
..## , ,
##...##.##)..###..#
, * , * ,
##)..##...##.)......
, , *,**#)..##3.#,
##...#...
*##.#4##o4# *,
##....#. , ,
#..53ho3# ∩ ##.....
,* , **#....4#o## ,
,,,##).#. , , ,
##.....54#* ∩
,##..... ,
##.#.##..# ##....#.
, , , ##... #..#
##...#).. , , ∆ #..
*#... #...))).. ,
##. , #.##...###))#
, * ##...###))## , ,
,, * , ...###).##


You could see an orc high priest, 2 orange demons, a hellwing (summoned), an ice
devil (summoned), 2 neqoxecs, a ynoxinul (summoned), 2 orc sorcerers and 2
ufetubi.

Vanquished Creatures
  Gastronok (Lair:1)
  4 dire elephants (Lair:5)
  Fannar (Lair:3)
  2 catoblepae
  A vault guard (D:13)
  A demonspawn (Orc:2)
  A centaur warrior (D:13)
  7 hydras
  3 boulder beetles
  3 death yaks
  3 two-headed ogres
  2 tengu warriors (D:13)
  An orc high priest (Orc:2)
  Nergalle (Lair:2)
  A sixfirhy (Orc:2)
  5 skeletal warriors (D:13)
  A skyshark (Lair:4)
  A spectral anaconda (Lair:5)
  5 orc knights
  3 necromancers (Lair:5)
  A lindwurm (Lair:4)
  2 ugly things
  3 orc sorcerers (Orc:2)
  4 cyclopes
  2 manticores
  16 elephants (Lair:5)
  6 black mambas
  A merfolk siren (Lair:3)
  A dire elephant skeleton (Lair:5)
  15 cane toads
  Maggie (D:7)
  A torpor snail (Lair:4)
  9 komodo dragons
  4 rime drakes
  An efreet (D:13)
  A tengu conjurer (D:13)
  A queen bee (shapeshifter) (D:10)
  3 trolls (D:10)
  4 polar bears
  A spectral elephant (Lair:5)
  13 dream sheep
  20 blink frogs
  A shadow (D:10)
  A spriggan (Lair:2)
  64 yaks
  5 wyverns
  10 humans (D:13)
  2 wraiths
  2 basilisks
  4 vampire mosquitoes (D:12)
  A death yak simulacrum (Lair:5)
  A chaos spawn (Orc:2)
  6 acid dragons
  A warg (Orc:1)
  4 nagas (Lair:2)
  15 water moccasins
  Duvessa (D:7)
  5 black bears
  2 ice beasts
  26 orc warriors
  31 wolves
  6 ogres
  6 centaurs
  An elephant skeleton (Lair:5)
  3 kobold brigands
  16 bullfrogs
  A scorpion (D:5)
  2 cane toad simulacra (Lair:5)
  13 wights
  Dowan (D:7)
  5 killer bees (D:10)
  3 howler monkeys
  16 orc priests
  3 hounds
  Crazy Yiuf (D:7)
  2 iguanas (D:5)
  3 sleepcaps
  5 orc wizards
  7 adders
  7 gnolls
  2 white imps
  48 orcs
  2 bats (D:1)
  An endoplasm (D:1)
  A giant cockroach (D:3)
  6 goblins
  5 hobgoblins
  2 jackals (D:2)
  15 kobolds
  4 quokkas
  4 ball pythons
  2 frilled lizards
  A rat (D:2)
533 creatures vanquished.

Vanquished Creatures (collateral kills)
  A necromancer (Lair:5)
1 creature vanquished.

Vanquished Creatures (others)
  An angel (D:10)
  A skyshark (Lair:4)
  A cane toad (Lair:5)
  A komodo dragon (D:12)
  4 slime creatures
  2 yaks
  A human (D:13)
  A vampire mosquito (D:12)
  A basilisk (Lair:5)
  A centaur (D:9)
  2 bullfrogs
  A hound (D:5)
  52 jellies
  A sleepcap (D:5)
  An orc wizard (D:5)
  2 adders
  A worm (D:7)
  An endoplasm (D:4)
  13 orcs
  A bat (D:2)
  A giant cockroach (D:4)
  A goblin (D:2)
  A hobgoblin (D:4)
  A quokka (D:2)
  A ball python (D:4)
94 creatures vanquished.

Grand Total: 628 creatures vanquished

Notes
Turn   | Place    | Note
-------+----------+-------------------------------------------
     0 | D:1      | CraigForest the Troll Shapeshifter began the quest for the
                  | Orb.
     0 | D:1      | Reached XP level 1. HP: 18/18 MP: 0/0
    84 | D:1      | Reached XP level 2. HP: 26/26 MP: 1/1
   445 | D:1      | Found a faded altar of an unknown god.
   453 | D:1      | Prayed at the altar of an unknown god.
   453 | D:1      | Became a worshipper of Jiyva Jewku the Shapeless
   453 | D:1      | Reached * piety under Jiyva
   947 | D:2      | Reached XP level 3. HP: 32/32 MP: 2/2
  1056 | D:2      | Reached ** piety under Jiyva
  1159 | D:2      | Identified the +2 robe "Zaloamesusk" {*Slow rCorr Slay-6
                  | Archmagi}
  1304 | D:2      | Identified the +6 gold dragon scales of the Smoking Gods
                  | {rPois rF+ rC+ Dex+3}
  2107 | D:3      | You fall into a shaft and drop 3 floors!
  2168 | D:5      | Entered Level 5 of the Dungeon
  2184 | D:5      | Reached XP level 4. HP: 35/40 MP: 3/3
  2224 | D:5      | Noticed a kobold brigand
  2225 | D:5      | Reached *** piety under Jiyva
  2232 | D:5      | Killed a kobold brigand
  2233 | D:5      | Reached skill level 1 in Fighting
  2233 | D:5      | Reached skill level 4 in Unarmed Combat
  2233 | D:5      | Reached XP level 5. HP: 45/48 MP: 4/4
  2251 | D:5      | Found a staircase to the Ecumenical Temple.
  2276 | D:5      | Gained mutation: You expend magic power (3 MP) to
                  | strengthen your wands. [Jiyva's grace]
  2276 | D:5      | Gained mutation: You have hidden genetic potential.
                  | [Jiyva's grace]
  2276 | D:5      | Gained mutation: You have great hidden genetic potential.
                  | [Jiyva's grace]
  2276 | D:5      | Gained mutation: You have a small jelly attached to you
                  | that may absorb projectiles. [Jiyva's grace]
  2369 | D:5      | Noticed a black bear
  2376 | D:5      | Killed a black bear
  2377 | D:5      | Reached skill level 5 in Unarmed Combat
  2377 | D:5      | Reached XP level 6. HP: 53/55 MP: 5/5
  2378 | D:5      | Gained mutation: You possess an exceptional clarity of
                  | mind. [hidden potential]
  2477 | D:5      | Noticed an acid dragon
  2490 | D:5      | Noticed a water moccasin
  2510 | D:5      | Killed a water moccasin
  2511 | D:5      | Reached skill level 6 in Unarmed Combat
  2511 | D:5      | Reached XP level 7. HP: 62/62 MP: 6/6
  2515 | D:5      | Reached skill level 5 in Shapeshifting
  2521 | D:5      | Reached skill level 1 in Armour
  2538 | D:5      | Identified the +9 short sword of Bodily Harmony {flame,
                  | rElec rPois rC+}
  2538 | D:5      | Gained mutation: You have sharp toenails. [hidden
                  | potential]
  2538 | D:5      | Lost mutation: You have great hidden genetic potential.
                  | [hidden potential expressed]
  2660 | D:4      | Reached skill level 7 in Unarmed Combat
  2734 | D:4      | Reached **** piety under Jiyva
  2947 | D:4      | Found a radiant altar of Vehumet.
  2956 | D:4      | Reached XP level 8. HP: 69/70 MP: 7/7
  3775 | D:6      | Reached skill level 8 in Unarmed Combat
  3786 | D:6      | Gained mutation: Your mind is acute. (Int +4, Str/Dex -1)
                  | [hidden potential]
  3795 | D:6      | Reached ***** piety under Jiyva
  4174 | D:7      | Noticed Maggie
  4184 | D:7      | Killed Maggie
  4185 | D:7      | Reached skill level 9 in Unarmed Combat
  4214 | D:7      | Found a burning altar of Makhleb.
  4289 | D:7      | Found a shadowy altar of Dithmenos.
  4359 | D:7      | Noticed Duvessa
  4359 | D:7      | Noticed Dowan
  4365 | D:7      | Killed Duvessa
  4366 | D:7      | Reached XP level 9. HP: 72/76 MP: 8/8
  4367 | D:7      | Killed Dowan
  4399 | D:7      | Found a snail-covered altar of Cheibriados.
  4445 | D:7      | Found a runed translucent door.
  4446 | D:7      | Noticed Crazy Yiuf
  4452 | D:7      | Killed Crazy Yiuf
  4772 | D:8      | Lost mutation: You possess an exceptional clarity of mind.
                  | [Jiyva's grace]
  4772 | D:8      | Lost mutation: You have hidden genetic potential. [Jiyva's
                  | grace]
  4772 | D:8      | Lost mutation: You expend magic power (3 MP) to strengthen
                  | your wands. [Jiyva's grace]
  4772 | D:8      | Gained mutation: Your flesh is heat resistant. (rF+)
                  | [Jiyva's grace]
  4772 | D:8      | Gained mutation: Your flesh is very heat resistant. (rF++)
                  | [Jiyva's grace]
  4772 | D:8      | Gained mutation: Your flesh is almost immune to the effects
                  | of heat. (rF+++) [Jiyva's grace]
  4772 | D:8      | Gained mutation: Armour fits poorly on your pseudopods.
                  | [Jiyva's grace]
  4792 | D:8      | Found a stormy altar of Qazlal.
  4840 | D:8      | Reached skill level 10 in Unarmed Combat
  4965 | D:8      | Found a broken altar of Ashenzari.
  5333 | D:8      | Found a shimmering blue altar of Sif Muna.
  5380 | D:9      | Reached skill level 11 in Unarmed Combat
  5380 | D:9      | Found a bloodstained altar of Trog.
  5399 | D:9      | Found a staircase to the Orcish Mines.
  5507 | D:9      | Noticed a two-headed ogre
  5513 | D:9      | Killed a two-headed ogre
  5514 | D:9      | Reached XP level 10. HP: 76/84 MP: 9/9
  5547 | D:9      | Reached skill level 12 in Unarmed Combat
  5555 | D:9      | Found an iron altar of Okawaru.
  5674 | D:9      | Reached ****** piety under Jiyva
  5978 | D:10     | Entered Level 10 of the Dungeon
  5978 | D:10     | Found a staircase to the Lair.
  5978 | D:10     | Found a flagged portal.
  6041 | D:10     | Identified the +6 halberd of Conflict {pain, rCorr}
  6045 | Bailey   | Entered a bailey
  6188 | Bailey   | Identified the +0 pair of boots of the Armoured One {rPois
                  | rF+}
  6341 | Bailey   | Noticed an orc knight
  6351 | Bailey   | Killed an orc knight
  6407 | Bailey   | Reached skill level 13 in Unarmed Combat
  6532 | D:10     | Found a glowing golden altar of the Shining One.
  6747 | D:10     | Found a shimmering altar of Xom.
  6747 | D:10     | Noticed an angel
  6749 | D:10     | Found a glowing silver altar of Zin.
  6950 | D:11     | Lost mutation: Your mind is acute. (Int +4, Str/Dex -1)
                  | [Jiyva's grace]
  6950 | D:11     | Lost mutation: Your flesh is almost immune to the effects
                  | of heat. (rF+++) [Jiyva's grace]
  6950 | D:11     | Lost mutation: Your flesh is very heat resistant. (rF++)
                  | [Jiyva's grace]
  6950 | D:11     | Lost mutation: You have a small jelly attached to you that
                  | may absorb projectiles. [Jiyva's grace]
  6950 | D:11     | Gained mutation: Your flesh is cold resistant. (rC+)
                  | [Jiyva's grace]
  6950 | D:11     | Gained mutation: Your flesh is very cold resistant. (rC++)
                  | [Jiyva's grace]
  6950 | D:11     | Gained mutation: Your flesh is almost immune to the effects
                  | of cold. (rC+++) [Jiyva's grace]
  6950 | D:11     | Gained mutation: Your translucent skin slightly reduces
                  | your foes' accuracy. (Stealth+) [Jiyva's grace]
  7077 | D:11     | Noticed a cyclops
  7084 | D:11     | Killed a cyclops
  7085 | D:11     | Reached skill level 5 in Armour
  7085 | D:11     | Reached XP level 11. HP: 91/91 MP: 10/10
  7135 | D:11     | Identified the +6 quarterstaff of the Mouth {flame, *Slow
                  | rF+ Dex+7}
  7688 | D:12     | Found Rifept's Assorted Antiques.
  7783 | D:12     | Bought a large blue amulet for 155 gold pieces
  7808 | D:12     | Noticed a red ugly thing
  7813 | D:12     | Reached skill level 14 in Unarmed Combat
  7819 | D:12     | Killed a red ugly thing
  7896 | D:12     | Found Beaxiux's Antique Armour Emporium.
  7985 | D:12     | Lost mutation: You have sharp toenails. [Jiyva's grace]
  7985 | D:12     | Lost mutation: Armour fits poorly on your pseudopods.
                  | [Jiyva's grace]
  7985 | D:12     | Gained mutation: Your spells are a little harder to cast,
                  | but a little more powerful. [Jiyva's grace]
  7985 | D:12     | Gained mutation: Your spells are harder to cast, but more
                  | powerful. [Jiyva's grace]
  7985 | D:12     | Gained mutation: Your spells are much harder to cast, but
                  | much more powerful. [Jiyva's grace]
  7985 | D:12     | Gained mutation: You possess an exceptional clarity of
                  | mind. [Jiyva's grace]
  8048 | D:12     | Found Imagg's Armour Emporium.
  8226 | D:13     | Noticed a two-headed ogre
  8232 | D:13     | Killed a two-headed ogre
  8374 | D:13     | Noticed a centaur warrior
  8380 | D:13     | Killed a centaur warrior
  8383 | D:13     | Reached skill level 15 in Unarmed Combat
  8424 | D:13     | Noticed a tengu warrior
  8431 | D:13     | Killed a tengu warrior
  8432 | D:13     | Noticed a tengu warrior
  8435 | D:13     | Noticed a cyan ugly thing
  8451 | D:13     | Killed a tengu warrior
  8455 | D:13     | Noticed a two-headed ogre
  8456 | D:13     | Killed a cyan ugly thing
  8460 | D:13     | Noticed a skeletal warrior
  8461 | D:13     | Noticed a skeletal warrior
  8462 | D:13     | Noticed a skeletal warrior
  8481 | D:13     | Killed a two-headed ogre
  8484 | D:13     | Noticed a skeletal warrior
  8487 | D:13     | Killed a skeletal warrior
  8487 | D:13     | Noticed a skeletal warrior
  8488 | D:13     | Reached XP level 12. HP: 79/98 MP: 11/11
  8555 | D:13     | Reached skill level 16 in Unarmed Combat
  8792 | D:13     | Noticed a vault guard
  8797 | D:13     | Killed a vault guard
  8833 | D:13     | Found a gate to the Vaults.
  9404 | D:10     | Killed an angel
  9465 | Lair:1   | Entered Level 1 of the Lair of Beasts
  9633 | Lair:1   | Noticed Gastronok
  9647 | Lair:1   | Killed Gastronok
  9648 | Lair:1   | Reached skill level 17 in Unarmed Combat
  9695 | Lair:1   | Lost mutation: Your flesh is almost immune to the effects
                  | of cold. (rC+++) [Jiyva's grace]
  9695 | Lair:1   | Lost mutation: Your flesh is very cold resistant. (rC++)
                  | [Jiyva's grace]
  9695 | Lair:1   | Lost mutation: Your spells are much harder to cast, but
                  | much more powerful. [Jiyva's grace]
  9695 | Lair:1   | Lost mutation: Your spells are harder to cast, but more
                  | powerful. [Jiyva's grace]
  9695 | Lair:1   | Gained mutation: You are agile. (Dex +4, Str/Int -1)
                  | [Jiyva's grace]
  9695 | Lair:1   | Gained mutation: You are very agile. (Dex +8, Str/Int -2)
                  | [Jiyva's grace]
  9695 | Lair:1   | Gained mutation: Your muscles are strong. (Str +4, Int/Dex
                  | -1) [Jiyva's grace]
  9695 | Lair:1   | Lost intelligence.
  9695 | Lair:1   | Gained mutation: Your muscles are very strong. (Str +8,
                  | Int/Dex -2) [Jiyva's grace]
 10364 | Lair:2   | Reached XP level 13. HP: 79/105 MP: 12/12
 10572 | Lair:2   | Noticed Nergalle
 10581 | Lair:2   | Killed Nergalle
 10618 | Lair:2   | Reached skill level 18 in Unarmed Combat
 10645 | Lair:2   | Lost mutation: Your translucent skin slightly reduces your
                  | foes' accuracy. (Stealth+) [Jiyva's grace]
 10645 | Lair:2   | Gained mutation: You have a small jelly attached to you
                  | that senses nearby items. [Jiyva's grace]
 10645 | Lair:2   | Gained mutation: Your translucent skin slightly reduces
                  | your foes' accuracy. (Stealth+) [Jiyva's grace]
 10645 | Lair:2   | Gained mutation: Your translucent skin reduces your foes'
                  | accuracy. (Stealth+) [Jiyva's grace]
 10645 | Lair:2   | Gained mutation: Your transparent skin significantly
                  | reduces your foes' accuracy. (Stealth+) [Jiyva's grace]
 10667 | Lair:2   | Found a staircase to the Snake Pit.
 11089 | Lair:2   | Identified the +0 leather armour of Wasted Space {rC++
                  | Dex+2 Stlth-}
 11259 | Lair:3   | Found a one-way gate to the infinite horrors of the Abyss.
 11263 | Lair:3   | Noticed Lorrdernie's ghost (journeyman DsGl)
 11293 | Lair:3   | Found a transporter.
 11333 | Lair:3   | Found a transporter.
 11417 | Lair:3   | Noticed Fannar
 11443 | Lair:3   | Killed Fannar
 11569 | Lair:3   | Found a staircase to the Shoals.
 12115 | Lair:4   | Reached skill level 19 in Unarmed Combat
 12285 | Lair:4   | Lost mutation: You are very agile. (Dex +8, Str/Int -2)
                  | [Jiyva's grace]
 12285 | Lair:4   | Lost mutation: You possess an exceptional clarity of mind.
                  | [Jiyva's grace]
 12285 | Lair:4   | Lost mutation: Your flesh is heat resistant. (rF+) [Jiyva's
                  | grace]
 12285 | Lair:4   | Lost mutation: Your muscles are very strong. (Str +8,
                  | Int/Dex -2) [Jiyva's grace]
 12285 | Lair:4   | Lost mutation: Your transparent skin significantly reduces
                  | your foes' accuracy. (Stealth+) [Jiyva's grace]
 12285 | Lair:4   | Gained mutation: You passively map a small area around you.
                  | [Jiyva's grace]
 12285 | Lair:4   | Gained mutation: You passively map the area around you.
                  | [Jiyva's grace]
 12285 | Lair:4   | Gained mutation: You passively map a large area around you.
                  | [Jiyva's grace]
 12285 | Lair:4   | Gained mutation: Your system is resistant to poisons.
                  | (rPois) [Jiyva's grace]
 12409 | Lair:4   | Reached XP level 14. HP: 114/114 MP: 13/13
 12977 | Lair:4   | Reached skill level 10 in Shapeshifting
 13294 | Lair:4   | Reached skill level 20 in Unarmed Combat
 13346 | Lair:5   | Entered Level 5 of the Lair of Beasts
 13480 | Lair:5   | Found a staircase to the Slime Pits.
 13750 | Lair:5   | Reached skill level 21 in Unarmed Combat
 13937 | Lair:5   | Reached XP level 15. HP: 120/120 MP: 14/14
 14125 | Lair:5   | Identified the staff of Valour {Str-5 Int+2 Dex+4 Earth}
 14573 | Slime:1  | Entered Level 1 of the Pits of Slime
 14573 | Slime:1  | Noticed an azure jelly
 14573 | Slime:1  | Noticed an acid blob
 14582 | Slime:1  | Noticed an azure jelly
 14587 | Slime:1  | Noticed an acid blob
 14595 | Slime:1  | Noticed a rockslime
 14665 | Slime:2  | Noticed an azure jelly
 14672 | Slime:2  | Noticed a rockslime
 14708 | Slime:2  | Noticed an acid blob
 14770 | Slime:3  | Noticed an acid blob
 14775 | Slime:3  | Noticed an azure jelly
 14778 | Slime:3  | Noticed an azure jelly
 14779 | Slime:3  | Noticed a rockslime
 14784 | Slime:3  | Noticed an azure jelly
 14784 | Slime:3  | Noticed an azure jelly
 14789 | Slime:3  | Noticed an acid blob
 14791 | Slime:3  | Noticed an acid blob
 14844 | Slime:3  | Noticed an acid blob
 14944 | Slime:4  | Noticed an acid blob
 14952 | Slime:4  | Noticed an acid blob
 14953 | Slime:4  | Noticed an acid blob
 14957 | Slime:4  | Noticed an acid blob
 14957 | Slime:4  | Noticed an acid blob
 15044 | Slime:5  | Entered Level 5 of the Pits of Slime
 15044 | Slime:5  | Noticed an acid blob
 15059 | Slime:5  | Noticed an azure jelly
 15065 | Slime:5  | Identified the +0 demon whip of Discomfort {heavy, Contam
                  | rC+ rN+ Int+3}
 15169 | Slime:5  | Identified the +3 chain mail of Dishonesty {-Tele Int+6}
 15171 | Slime:5  | Got Sif Muna's Tome of the Excursion and the Cumulonimbus
 15173 | Slime:5  | Identified the +6 quarterstaff "Keigh" {antimagic, rF+ rN+
                  | Str+3}
 15237 | Slime:5  | Got the Parchment of Electric Momentum
 15244 | Slime:5  | Identified the +1 rapier of Adyasono {speed, Str+3}
 15245 | Slime:5  | Identified the +7 shortbow of Doom {flame, rF+}
 15247 | Slime:5  | Identified the +3 whip "Jicyv Bichu" {freeze, rF+ Will-
                  | Str-4 Dex+8}
 15265 | Slime:5  | Noticed an acid blob
 15279 | Slime:5  | Noticed an acid blob
 15281 | Slime:5  | Noticed Dissolution
 15292 | Slime:5  | Noticed an azure jelly
 15296 | Slime:5  | Noticed an acid blob
 15298 | Slime:5  | Identified the +9 longbow of Tension {elec, rN+ Str+3}
 15301 | Slime:5  | Identified the +5 short sword of Reason {flame, Dex+2}
 15302 | Slime:5  | Identified the +3 battleaxe of Obahuyk {drain, *Slow rC+
                  | Will+ Str+3}
 15339 | Slime:5  | Noticed an acid blob
 15356 | Slime:5  | Identified the +1 war axe of Mutilation {heavy, Will+
                  | Int+5}
 15360 | Slime:5  | Got a slimy rune of Zot
 15368 | Slime:5  | Noticed the Royal Jelly
 15382 | Slime:5  | Noticed an acid blob
 15386 | Slime:5  | Found a viscous altar of Jiyva.
 15521 | Slime:1  | Noticed an azure jelly
 15521 | Slime:1  | Noticed an azure jelly
 16032 | Orc:1    | Entered Level 1 of the Orcish Mines
 16066 | Orc:1    | Lost mutation: You passively map a large area around you.
                  | [Jiyva's grace]
 16066 | Orc:1    | Lost mutation: Your system is resistant to poisons. (rPois)
                  | [Jiyva's grace]
 16066 | Orc:1    | Gained mutation: Your muscles are very strong. (Str +8,
                  | Int/Dex -2) [Jiyva's grace]
 16066 | Orc:1    | Gained mutation: You have a pair of small horns on your
                  | head. [Jiyva's grace]
 16066 | Orc:1    | Gained mutation: You have a pair of horns on your head.
                  | [Jiyva's grace]
 16066 | Orc:1    | Gained mutation: You have a pair of large horns on your
                  | head. [Jiyva's grace]
 16191 | Orc:2    | Entered Level 2 of the Orcish Mines
 16211 | Orc:2    | Found Ycotunny's General Store.
 16214 | Orc:2    | Found Luuhys's Magic Scroll Shoppe.
 16313 | Orc:2    | Paralysed by an orc sorcerer for 3 turns
 16317 | Orc:2    | HP: 3/118 [ice devil[an orc sorcerer] (10)]
 16317 | Orc:2    | Slain by an ice devil

Illustrated notes

Levels and vault maps discovered:
D:1:      minmay_arrival_three_doors, layout_basic,
          hellmonk_ecumenical_altar_crossroads
D:2:      layout_loops_ring
D:3:      layout_loops_corners, nicolae_figureground_sparkle, uniq_ijyb,
          uniq_robin
D:4:      layout_loops_ring, nicolae_vehumet_altar_sigil
D:5:      minmay_clustersquares, layout_basic, minmay_temple_entry_tees,
          serial_bayou_lagoon_a
D:6:      layout_cave_pools, dreamdust_wishing_well, minmay_misc_feat_cross
D:7:      layout_rooms, slow_altar_1, mainiacjoe_overflow_catch_the_wave,
          lightli_corner_chamber, uniq_crazy_yiuf_cottage, uniq_duvessa,
          uniq_maggie
D:8:      layout_loops_ring, mainiacjoe_overflow_alcove_4, kennysheep_mini_moat,
          led_sif_pool
D:9:      layout_loops_ring, lemuel_crystal_altar, mainiacjoe_overflow_paths,
          david_orc_3, grunt_decor_fettered
D:10:     lemuel_troll_bridge, layout_rooms,
          grunt_temple_overflow_order_and_chaos_1, marbit_many_paths,
          lair_entry_dummy, enter_bailey_2, lemuel_flamethrower_1
D:11:     layout_basic
D:12:     layout_rooms, serial_shops, shop, nicolae_shop_waterfront,
          nicolae_shop_back_alley_shop
D:13:     layout_loops_ring, ximxim_vaults_locker_room
Lair:1:   layout_long_grid, uniq_gastronok
Lair:2:   layout_chaotic_city, minmay_snake_entry_guardpost_small,
          grunt_forest_stairs_clearing, uniq_nergalle
Lair:3:   layout_chaotic_city, minmay_shoals_entry_lonely_mermaid,
          gammafunk_ghost_abyssal_escape, uniq_fannar
Lair:4:   nzn_winding_woodlands_large [nzn_winding_woodlands_5x5_default,
          nzn_winding_woodlands_5x15_sidewinder,
          nzn_winding_woodlands_hourglass,
          nzn_winding_woodlands_center_diamonds,
          nzn_winding_woodlands_15x15_thick_spiral,
          nzn_winding_woodlands_center_pierced_h,
          nzn_winding_woodlands_5x5_open_star,
          nzn_winding_woodlands_5x15_zeroes,
          nzn_winding_woodlands_5x5_perimeter], layout_cave_pods,
          grunt_forest_large_clearings
Lair:5:   due_jungle_book, layout_long_grid, minmay_slime_entry_pillars
Slime:1:  layout_caves, cheibrodos_slime_lost_civilization_4
Slime:2:  layout_caves
Slime:3:  layout_caves
Slime:4:  layout_caves, nicolae_slime_crime_time
Slime:5:  slime_pit_nicolae_inversion, uniq_dissolution
Orc:1:    layout_caves
Orc:2:    pf_orc_diabolical, layout_caves, basic_altar

Skill      XL: |  1  2  3  4  5  6  7  8  9 10 11 12 13 14 |
---------------+-------------------------------------------+-----
Fighting       | 1 |  1.0
Dodging        | 2 |  2.3
Unarmed Combat | 4 5 6 7 9 11 13 15 17 19 21 | 21.6
Shapeshifting  | 4 5 6 7 8 9 10 | 10.5
Armour         | 1 2 3 5 6 7 8 9 |  9.9

Action                     |  1- 3 |  4- 6 |  7- 9 | 10-12 | 13-15 || total
---------------------------+-------+-------+-------+-------+-------++-------
  Melee: Unarmed           |    72 |    32 |   179 |   378 |   697 ||  1358
         Punch             |     1 |     1 |     9 |    31 |    87 ||   129
         Kick              |       |       |    45 |    39 |       ||    84
         Pseudopods        |       |       |     8 |    29 |       ||    37
         Scimitar          |       |       |       |       |     5 ||     5
         Short sword       |       |       |       |       |     5 ||     5
         Headbutt          |       |       |       |       |    17 ||    17
         Halberd           |       |       |       |       |    10 ||    10
  Throw: Dart              |       |       |     1 |     1 |       ||     2
         Javelin           |       |       |       |     2 |       ||     2
         Large rock        |       |       |       |       |     8 ||     8
 Invoke: Slimify           |       |       |       |       |     1 ||     1
    Use: Scroll            |     2 |       |     7 |     4 |    10 ||    23
         Potion            |       |       |       |       |     2 ||     2
   Stab: Sleeping          |     1 |       |       |       |       ||     1
         Petrified         |       |       |       |       |     3 ||     3
         Distracted        |       |       |       |       |     1 ||     1
 Armour: Animal skin       |     8 |       |       |       |       ||     8
         Robe              |    11 |       |       |       |       ||    11
         Gold dragon scale |     5 |    25 |   106 |   303 |   782 ||  1221
  Dodge: Dodged            |    34 |     2 |    31 |   153 |   443 ||   663

Table legend: (Time is in decaauts)
 A = Elapsed time spent in this place.
 B = Non-inter-level travel time spent in this place.
 C = Inter-level travel time spent in this place.
 D = Time resting spent in this place.
 E = Time spent auto-exploring this place.
 F = Levels seen in this place.
 G = Mean time per level.
                   A        B        C        D        E       F      G
               +--------+--------+--------+--------+--------+-----+--------+
         Total |  17192 |  16627 |    565 |   1526 |   9617 |  26 |  661.2 |
       Dungeon |   9011 |   8784 |    227 |    734 |   5508 |  13 |  693.2 |
          Lair |   6300 |   6048 |    252 |    541 |   3729 |   5 | 1260.0 |
    Slime Pits |   1240 |   1155 |     85 |    100 |    228 |   5 |  248.0 |
  Orcish Mines |    247 |    247 |      0 |      0 |     74 |   2 |  123.5 |
        Bailey |    392 |    392 |      0 |    151 |     77 |   1 |  392.0 |
               +--------+--------+--------+--------+--------+-----+--------+

Top non-repeatable levels by time:
  Lair:4: 1432 daAuts
  Lair:2: 1284 daAuts
  Lair:1: 1236 daAuts
  Lair:3: 1208 daAuts
     D:2: 1194 daAuts
  Lair:5: 1139 daAuts
    D:13: 1035 daAuts
     D:1: 845 daAuts
    D:11: 799 daAuts
     D:5: 787 daAuts
     D:4: 716 daAuts
    D:10: 675 daAuts
     D:9: 631 daAuts
     D:8: 612 daAuts
     D:7: 587 daAuts
